 Dungeon Crawl Stone Soup version 0.30-a0-900-g23479c02f2 (webtiles) character file.

Game seed: 17783992008928251475

9257 pokeman the Thaumaturge (level 11, -1/61 HPs)
             Began as a Deep Elf Hedge Wizard on Mar 18, 2023.
             Shot with a sling bullet by a tengu warrior (2 damage)
             ... on level 10 of the Dungeon.
             The game lasted 00:24:42 (11483 turns).

pokeman the Thaumaturge (Deep Elf Hedge Wizard)    Turns: 11483, Time: 00:24:42

Health: -1/61      AC: 11    Str:  4    XL:     11   Next: 20%
Magic:  1/31       EV: 18    Int: 28    God:
Gold:   606        SH:  0    Dex: 14    Spells: 18/38 levels left

rFire   . . .      SeeInvis .    s - +4 dagger of Earthquakes {venom, rC+ Str-3 Int+4}
rCold   + . .      Faith    .    (no shield)
rNeg    . . .      Spirit   .    z - +0 steam dragon scales
rPois   .          Reflect  .    n - +0 helmet
rElec   .          Rampage  .    H - +2 cloak {Stlth+}
rCorr   .                        y - +0 pair of gloves
Will    +....                    (no boots)
Stlth   +++                      (no amulet)
HPRegen 0.30/turn                F - ring of wizardry
MPRegen 0.22/turn                w - +5 ring of evasion

@: no status effects
A: no striking features
a: no special abilities


You were on level 10 of the Dungeon.
You visited 2 branches of the dungeon, and saw 11 of its levels.

You collected 606 gold pieces.

Inventory:

Hand Weapons
 a - a +1 dagger of holy wrath
 p - a +1 sling of flaming
 s - the +4 dagger of Earthquakes (weapon) {venom, rC+ Str-3 Int+4}
   (You found it on level 4 of the Dungeon)

   Str:       It affects your strength (-3).
   Int:       It affects your intelligence (+4).
   rC:        It protects you from cold.
 N - a +0 flail of pain
Missiles
 L - a curare-tipped dart
 M - 2 throwing nets
Armour
 i - a +0 buckler
 j - an orb of mayhem
 n - a +0 helmet (worn)
 y - a +0 pair of gloves (worn)
 z - +0 steam dragon scales (worn)
 H - a +2 cloak of stealth (worn)
 I - +0 acid dragon scales
Jewellery
 b - a +6 ring of dexterity
 m - a ring of see invisible
 t - a ring of protection from cold
 w - a +5 ring of evasion (right hand)
 A - a +6 ring of intelligence
 F - a ring of wizardry (left hand)
Wands
 v - a wand of digging (5)
 B - a wand of acid (8)
 C - a wand of flame (21)
 J - a wand of paralysis (6)
 O - a wand of mindburst (6)
Scrolls
 c - 8 scrolls of identify {unknown}
 f - 7 scrolls of teleportation {unknown}
 g - a scroll of acquirement {unknown}
 h - 4 scrolls of blinking {unknown}
 D - a scroll of vulnerability {unknown}
 E - 3 scrolls of enchant armour {unknown}
 G - a scroll of immolation {unknown}
Potions
 d - 2 potions of magic
 e - 4 potions of lignification {unknown}
 k - 4 potions of attraction
 l - 4 potions of heal wounds
 o - 4 potions of haste {unknown}
 q - a potion of berserk rage {unknown}
 r - 3 potions of flight {unknown}
 u - 2 potions of resistance {unknown}
 x - a potion of curing {unknown}
Miscellaneous
 K - a piece from Xom's chessboard (15/15)


   Skills:
 - Level 4.0 Fighting
 - Level 4.0 Armour
 - Level 3.0 Dodging
 - Level 3.0 Stealth
 + Level 4.0 Shields
 * Level 14.4 Spellcasting
 + Level 8.4 Conjurations
 - Level 5.2 Summonings
 - Level 1.0 Necromancy
 - Level 1.1 Translocations
 + Level 5.5 Fire Magic
 - Level 1.1 Air Magic
 - Level 1.0 Poison Magic
 - Level 1.0 Evocations


You had 18 spell levels left.
You knew the following spells:

 Your Spells              Type           Power      Damage    Failure   Level
a - Magic Dart            Conj           100%       1d8       1%          1
b - Mephitic Cloud        Conj/Pois/Air  39%        N/A       1%          3
c - Call Imp              Summ           49%        N/A       1%          2
d - Blink                 Tloc           52%        N/A       1%          2
e - Foxfire               Conj/Fire      100%       2x1d9     1%          1
f - Fireball              Conj/Fire      28%        3d12      1%          5
g - Starburst             Conj/Fire      28%        6d9       9%          6

Your spell library contained the following spells:

 Spells                   Type           Power      Damage    Failure   Level
 Slow                     Hex            80%        N/A       1%          1
 Summon Small Mammal      Summ           100%       N/A       1%          1
 Cigotuvi's Dreadful Rot  Necr/Pois/Air  52%        N/A       1%          2
 Call Canine Familiar     Summ           49%        N/A       1%          3
 Gell's Gravitas          Tloc           26%        N/A       1%          3
 Summon Guardian Golem    Hex/Summ       34%        N/A       1%          3
 Teleport Other           Tloc           26%        N/A       1%          3
 Dispersal                Tloc           13%        N/A       65%         6


Dungeon Overview and Level Annotations

Branches:
Dungeon (10/15)            Temple (1/1) D:6            Lair (0/5) D:9
    Orc: D:9-12

Altars:
Ashenzari
Cheibriados
Dithmenos
Elyvilon
Fedhas
Gozag
Hepliaklqana
Makhleb
Nemelex Xobeh
Okawaru
Qazlal
Ru
Trog
Uskayaw
Wu Jian
Xom
Yredelemnul
Zin
The Shining One


Message History

Confirm with . or Enter, or press ? or * to list all spells.
Aiming: Fireball (dangerous; 1% risk of failure)
Press: ? - help, Shift-Dir - straight line The fireball explodes!
The fireball engulfs the tengu warrior!!
The tengu warrior is severely wounded.
The tengu warrior shoots a sling bullet.
The sling bullet barely misses you.
You see here 4 large rocks.
The tengu warrior shoots a sling bullet.
The sling bullet hits you! The sling bullet freezes you.
The tengu warrior shoots a sling bullet.
The sling bullet completely misses you.
Things that are here:
a +0 whip; a +0 leather armour The tengu warrior shoots a sling bullet.
The sling bullet closely misses you.
Casting: Fireball (dangerous; 1% risk of failure)
Confirm with . or Enter, or press ? or * to list all spells.
You can't see any susceptible monsters within range! (Use Z to cast anyway.)
The tengu warrior shoots a sling bullet.
The sling bullet hits you! The sling bullet freezes you.
Casting: Fireball (dangerous; 1% risk of failure)
Confirm with . or Enter, or press ? or * to list all spells.
Aiming: Mephitic Cloud (safe; 1% risk of failure)
Press: ? - help, Shift-Dir - straight line The ball explodes into a vile cloud!
The stinking cloud engulfs the tengu warrior but does no damage.
The tengu warrior is severely wounded.
The tengu warrior shoots a sling bullet.
The sling bullet hits you!
* * * LOW HITPOINT WARNING * * *
The sling bullet freezes you.
* * * LOW HITPOINT WARNING * * *
Unknown command.
The tengu warrior shoots a sling bullet.
The sling bullet hits you!
* * * LOW HITPOINT WARNING * * *
The sling bullet freezes you.
You die...

#....#.#≈.....≈#
###..###≈..>..§# #..#
#≈.....≈# # #..# #≈≈...≈≈# ..
###..###§≈≈.§§≈# (..
#....#)####'#### ....
#....))...#....#
.....##############.[).####.#
.....).).)Q☼§...@)))........#
.....#))###########....######
.... ##.# #....# ... #.#
#....# .. ... ###### . ).⌠.
§§§.. o⌠.⌠.. .......


You could see a tengu warrior.

Vanquished Creatures
  A centaur warrior (D:10)
  A two-headed ogre (D:9)
  A skeletal warrior (D:10)
  An orc knight (D:10)
  2 cyclopes (D:10)
  Maurice (D:9)
  An unseen horror (D:7)
  A yaktaur (D:10)
  A komodo dragon (D:9)
  Grinder (D:3)
  A wyvern (D:10)
  6 yaks (D:9)
  A steam dragon (D:6)
  A vampire mosquito (D:10)
  An acid dragon (D:9)
  4 water moccasins
  2 orc warriors
  An ogre (D:6)
  3 centaurs
  A phantom (D:4)
  4 kobold brigands
  3 bullfrogs (D:8)
  2 gnoll sergeants
  7 wights
  3 scorpions
  11 killer bees
  4 howler monkeys
  A lava snake (D:8)
  3 orc priests
  5 hounds
  3 sleepcaps
  Terence (D:3)
  3 iguanas
  6 orc wizards
  Robin (D:2)
  6 adders
  13 gnolls
  An ufetubus (D:5)
  3 dart slugs
  8 orcs
  9 ball pythons
  4 bats
  4 endoplasms
  4 giant cockroaches
  16 goblins
  7 hobgoblins
  3 quokkas
  2 frilled lizards
  18 kobolds
  3 rats
  A spectral kobold (D:1)
  A foxfire (D:9)
192 creatures vanquished.

Vanquished Creatures (collateral kills)
  A killer bee (D:8)
  A gnoll bouda (D:6)
  2 hobgoblins (D:2)
4 creatures vanquished.

Vanquished Creatures (others)
  An orc wizard (D:10)
  A quokka (D:2)
  A rat (D:2)
  131 foxfires
  A plant (D:5)
135 creatures vanquished.

Grand Total: 331 creatures vanquished

Notes
Turn   | Place    | Note
-------+----------+-------------------------------------------
     0 | D:1      | pokeman the Deep Elf Hedge Wizard began the quest for the
                  | Orb.
     0 | D:1      | Reached XP level 1. HP: 10/10 MP: 7/7
   247 | D:1      | Reached XP level 2. HP: 16/16 MP: 6/9
   717 | D:1      | Found a faded altar of an unknown god.
  1130 | D:2      | Reached skill level 5 in Spellcasting
  1424 | D:2      | Reached XP level 3. HP: 20/20 MP: 3/11
  1428 | D:2      | Learned a level 3 spell: Mephitic Cloud
  1431 | D:2      | Learned a level 2 spell: Call Imp
  1434 | D:2      | Learned a level 2 spell: Blink
  1778 | D:2      | Noticed Robin
  1802 | D:2      | Reached skill level 1 in Armour
  1804 | D:2      | Reached skill level 1 in Fighting
  1838 | D:2      | Killed Robin
  1839 | D:2      | Reached XP level 4. HP: 19/25 MP: 1/13
  2485 | D:3      | Noticed Grinder
  2495 | D:3      | Paralysed by Grinder for 3 turns
  2539 | D:3      | Killed Grinder
  2540 | D:3      | Reached XP level 5. HP: 14/29 MP: 4/15
  2540 | D:3      | Reached XP level 6. HP: 16/34 MP: 4/16
  3306 | D:3      | Noticed Terence
  3320 | D:3      | Killed Terence
  3836 | D:4      | Reached skill level 6 in Spellcasting
  4061 | D:4      | Identified the +4 dagger of Earthquakes {venom, rC+ Str-3
                  | Int+4}
  4441 | D:5      | Entered Level 5 of the Dungeon
  4560 | D:5      | Reached skill level 1 in Air Magic
  4564 | D:5      | Reached XP level 7. HP: 21/38 MP: 13/18
  4754 | D:5      | Reached skill level 1 in Poison Magic
  5266 | D:5      | Found a hide-covered altar of Uskayaw.
  5268 | D:5      | Found a stormy altar of Qazlal.
  5270 | D:5      | Found a shimmering altar of Xom.
  5315 | D:5      | Reached skill level 1 in Evocations
  5531 | D:6      | Noticed a steam dragon
  5623 | D:6      | Reached skill level 7 in Spellcasting
  5795 | D:6      | Killed a steam dragon
  5909 | D:6      | Reached XP level 8. HP: 44/44 MP: 12/21
  6005 | D:6      | Reached skill level 8 in Spellcasting
  6396 | D:6      | Found a staircase to the Ecumenical Temple.
  6409 | Temple   | Entered the Ecumenical Temple
  6830 | D:7      | Noticed an unseen horror
  6833 | D:7      | Found a shadowy altar of Dithmenos.
  6855 | D:7      | Killed an unseen horror
  6856 | D:7      | Reached skill level 9 in Spellcasting
  7106 | D:7      | Reached skill level 5 in Conjurations
  7388 | D:7      | Found a hazy altar of Hepliaklqana.
  7556 | D:7      | Found an opulent altar of Gozag.
  7556 | D:7      | Found a sparkling altar of Nemelex Xobeh.
  7945 | D:8      | Reached XP level 9. HP: 48/48 MP: 17/24
  8051 | D:8      | Reached skill level 10 in Spellcasting
  8474 | D:8      | Reached skill level 5 in Summonings
  8658 | D:8      | Reached skill level 11 in Spellcasting
  8696 | D:8      | Learned a level 1 spell: Foxfire
  8702 | D:8      | Learned a level 5 spell: Fireball
  8709 | D:8      | Learned a level 6 spell: Starburst
  8880 | D:8      | Reached skill level 1 in Fire Magic
  9224 | D:9      | Noticed a two-headed ogre
  9241 | D:9      | Killed a two-headed ogre
  9373 | D:9      | Reached skill level 12 in Spellcasting
  9373 | D:9      | Reached XP level 10. HP: 56/56 MP: 16/28
  9373 | D:9      | Noticed Maurice
  9402 | D:9      | Killed Maurice
  9582 | D:9      | Found a bloodstained altar of Trog.
  9582 | D:9      | Found a glowing silver altar of Zin.
  9603 | D:9      | Found a faded altar of an unknown god.
  9648 | D:9      | Found a white marble altar of Elyvilon.
  9650 | D:9      | Found a faded altar of an unknown god.
  9691 | D:9      | Found a staircase to the Lair.
  9952 | D:9      | Reached skill level 13 in Spellcasting
 10508 | D:10     | Entered Level 10 of the Dungeon
 10890 | D:10     | Noticed a cyclops
 10894 | D:10     | Killed a cyclops
 10895 | D:10     | Reached skill level 1 in Necromancy
 10904 | D:10     | Noticed an orc knight
 11111 | D:10     | Noticed a cyclops
 11115 | D:10     | Killed a cyclops
 11196 | D:10     | Noticed a skeletal warrior
 11200 | D:10     | Killed a skeletal warrior
 11201 | D:10     | Reached skill level 14 in Spellcasting
 11201 | D:10     | Reached skill level 5 in Fire Magic
 11201 | D:10     | Reached XP level 11. HP: 61/61 MP: 5/31
 11324 | D:10     | Killed an orc knight
 11454 | D:10     | Noticed a centaur warrior
 11460 | D:10     | Killed a centaur warrior
 11467 | D:10     | Noticed a tengu warrior
 11483 | D:10     | HP: 1/61 [tengu warrior/sling bullet (8)]
 11483 | D:10     | Shot with a sling bullet by a tengu warrior

Illustrated notes

Levels and vault maps discovered:
D:1:      heliophobic_arrival_ceremonial_halls, layout_rooms,
          dreamdust_ecumenical_altar_drowned_temple
D:2:      layout_basic, uniq_robin
D:3:      layout_loops_ring, grunt_decor_fettered, uniq_terence, uniq_grinder
D:4:      layout_loops_corners, minmay_misc_feat_five
D:5:      layout_loops_corners, gammafunk_temple_overflow_forgotten,
          amcnicky_mini_rare_corridor_liquid, hangedman_decor_opposing,
          corner_web_ring
D:6:      layout_loops_ring, temple_hall
D:7:      layout_basic, grunt_temple_overflow_opulence,
          nicolae_hepliaklqana_hazy_memory, lemuel_crystal_altar,
          hangedman_decor_diamond_cutter
D:8:      layout_basic, kennysheep_dice
D:9:      layout_basic, chequers_temple_overflow_minitemple, lair_entry_dummy,
          wad_rectangle_vault, uniq_maurice
D:10:     minmay_blocky_corners, layout_rooms, palyth_temple_overflow_mages,
          kennysheep_small_square
Temple:   nicolae_temple_figure_zero

Skill      XL: |  1  2  3  4  5  6  7  8  9 10 11 |
---------------+----------------------------------+-----
Spellcasting   | 5 6 7 9 12 14 | 14.4
Armour         | 1 2 3 4 |  4.0
Fighting       | 1 2 3 4 |  4.0
Conjurations   | 2 3 5 6 8 |  8.4
Shields        | 3 4 |  4.0
Dodging        | 3 |  3.0
Stealth        | 3 |  3.0
Air Magic      | 1 |  1.1
Poison Magic   | 1 |  1.0
Evocations     | 1 |  1.0
Summonings     | 2 4 5 |  5.2
Fire Magic     | 2 5 |  5.5
Necromancy     | 1 |  1.0
Translocations | |  1.1

Action                     |  1- 3 |  4- 6 |  7- 9 | 10-12 || total
---------------------------+-------+-------+-------+-------++-------
  Melee: Dagger            |    34 |    19 |   103 |    73 ||   229
         Punch             |       |       |     1 |       ||     1
   Fire: Sling             |       |    32 |       |       ||    32
   Cast: Magic Dart        |    82 |    90 |   159 |     5 ||   336
         Mephitic Cloud    |     2 |     2 |    24 |    22 ||    50
         Call Imp          |     1 |     2 |    11 |     1 ||    15
         Blink             |       |     1 |     4 |     1 ||     6
         Foxfire           |       |       |    41 |    35 ||    76
         Fireball          |       |       |     2 |    35 ||    37
  Evoke: Wand              |       |       |       |     1 ||     1
    Use: Potion            |       |       |     2 |       ||     2
   Stab: Confused          |     2 |       |    12 |    16 ||    30
         Distracted        |     1 |       |       |       ||     1
         Sleeping          |       |     2 |       |       ||     2
 Armour: Robe              |    11 |     2 |     3 |       ||    16
         Steam dragon scal |       |       |    18 |    11 ||    29
  Dodge: Dodged            |    34 |    32 |   108 |    47 ||   221

Table legend: (Time is in decaauts)
 A = Elapsed time spent in this place.
 B = Non-inter-level travel time spent in this place.
 C = Inter-level travel time spent in this place.
 D = Time resting spent in this place.
 E = Time spent auto-exploring this place.
 F = Levels seen in this place.
 G = Mean time per level.
                   A        B        C        D        E       F      G
               +--------+--------+--------+--------+--------+-----+--------+
         Total |  11499 |  11271 |    228 |    949 |   8488 |  11 | 1045.4 |
       Dungeon |  11324 |  11105 |    219 |    949 |   8326 |  10 | 1132.4 |
        Temple |    174 |    165 |      9 |      0 |    162 |   1 |  174.0 |
               +--------+--------+--------+--------+--------+-----+--------+

Top non-repeatable levels by time:
     D:2: 1371 daAuts
     D:9: 1314 daAuts
     D:6: 1293 daAuts
     D:8: 1285 daAuts
     D:1: 1117 daAuts
     D:5: 1078 daAuts
     D:3: 1041 daAuts
    D:10: 974 daAuts
     D:4: 928 daAuts
     D:7: 918 daAuts
  Temple: 174 daAuts
